 Dungeon Crawl Stone Soup version 0.29.1-15-g9cfb28693d (webtiles) character file.

Game seed: 4911206712304506171

737 H0rd4k the Cudgeller (level 8, -3/58 HPs)
             Began as a Human Artificer on Apr 18, 2023.
             Killed from afar by a white imp (9 damage)
             ... with a puff of frost
             ... on level 5 of the Dungeon on Apr 19, 2023.
             The game lasted 00:09:34 (6031 turns).

H0rd4k the Cudgeller (Human Artificer)              Turns: 6031, Time: 00:09:35

Health: -3/58      AC:  3    Str: 13    XL:     8   Next: 4%
Magic:  8/8        EV: 12    Int: 14    God:
Gold:   237        SH:  0    Dex: 13    Spells: 7/7 levels left

rFire   . . .      SeeInvis .   x - +0 flail
rCold   . . .      Faith    .   (no shield)
rNeg    . . .      Spirit   .   b - +0 leather armour
rPois   .          Reflect  .   (no helmet)
rElec   +          Harm     .   (no cloak)
rCorr   .          Rampage  .   (no gloves)
Will    .....                   (no boots)
Stlth   ++........              (no amulet)
HPRegen 0.19/turn               (no ring)
MPRegen 0.11/turn               (no ring)

@: no status effects
A: deterioration 1, electricity resistance, wild magic 1, MP-powered wands
a: no special abilities


You were on level 5 of the Dungeon.
You visited 1 branch of the dungeon, and saw 5 of its levels.

You collected 237 gold pieces.

Inventory:

Hand Weapons
 x - a +0 flail (weapon)
Missiles
 a - a throwing net
Armour
 b - a +0 leather armour (worn)
Magical Staves
 f - a staff of conjuration
Wands
 e - a wand of paralysis (3)
Scrolls
 d - a scroll of teleportation {unknown}
 h - a scroll of enchant armour {unknown}
 j - 4 scrolls of identify {unknown}
 k - a scroll of summoning {unknown}
 l - a scroll of brand weapon {unknown}
 m - a scroll of poison {unknown}
 p - 2 scrolls of silence {unknown}
 q - 2 scrolls of fog {unknown}
 s - a scroll of acquirement {unknown}
 w - a scroll of fear {unknown}
Potions
 c - a potion of magic {unknown}
 g - a potion of mutation
 i - a potion of heal wounds {unknown}
 n - a potion of brilliance {unknown}
 r - a potion of resistance {unknown}
 t - 2 potions of flight {unknown}
 u - 3 potions of degeneration {unknown}
 v - a potion of attraction {unknown}
 z - a potion of haste {unknown}


   Skills:
 + Level 3.3 Fighting
 + Level 4.9 Maces & Flails
 - Level 2.0 Armour
 + Level 3.6 Dodging
 + Level 3.2 Stealth
 + Level 4.1 Evocations


You had 7 spell levels left.
You didn't know any spells.
Your spell library was empty.

Dungeon Overview and Level Annotations

Branches:
Dungeon (5/15)
 Temple: D:4-7

Altars:
Hepliaklqana
Nemelex Xobeh
Xom

Annotations:
D:2 exclusion: 2 downstairs
D:3 Ijyb


Innate Abilities, Weirdness & Mutations

Your body sometimes deteriorates upon taking damage.
You are resistant to electric shocks. (rElec)
Your spells are a little harder to cast, but a little more powerful.
You expend magic power (3 MP) to strengthen your wands.


Message History

The white imp is lightly wounded.
The white imp hits you.
* * * LOW HITPOINT WARNING * * *
The white imp freezes you.
* * * LOW HITPOINT WARNING * * *
You feel better. The white imp gestures at you. The puff of frost hits you.
* * * LOW HITPOINT WARNING * * *
You hit the white imp but do no damage.
The white imp is lightly wounded.
The white imp gestures at you. The puff of frost hits you.
* * * LOW HITPOINT WARNING * * *
The white imp misses you.
You feel better.
The white imp hits you but does no damage.
You closely miss the white imp.
The white imp is lightly wounded.
The white imp closely misses you.
You barely miss the white imp.
The white imp is lightly wounded.
The white imp hits you but does no damage.
You hit the white imp.
The white imp is moderately wounded.
The white imp barely misses you.
You completely miss the white imp.
The white imp is moderately wounded.
The white imp hits you.
* * * LOW HITPOINT WARNING * * *
The white imp freezes you.
* * * LOW HITPOINT WARNING * * *
You hit the white imp.
The white imp is severely wounded.
The white imp misses you.
You closely miss the white imp.
The white imp is severely wounded.
The white imp gestures at you. The puff of frost hits you!
You die...

#..#...#...#...#...#.....#
#.##...#...#..##...#.).#.#
##..###.###..#..###.###..#
#####...........#..........##
#...#..###.###..#..###.###.#
#.##.##...#...#..##...#...##
#.##..#.).#...#...#...#...<#
#.##..#...#..###..#...#..#.#
#.###..###).#.@.#..###...#.#
#.# #...#...#.5.#...#....#.#
#.###...#..##...#...#S..[#.#
#.....##..#..###.###.......#
#####..)..#...........######
#.....#..##....>..#
###...############# #####


You could see a white imp.

Vanquished Creatures
  Sigmund (D:3)
  A necrophage (D:4)
  A scorpion (D:4)
  A hound (D:4)
  An orc priest (D:5)
  A jelly (D:5)
  Jessica (D:3)
  Robin (D:2)
  4 gnolls
  4 adders
  An ufetubus (D:5)
  3 worms
  4 dart slugs
  5 orcs
  4 endoplasms
  3 giant cockroaches
  11 goblins
  8 hobgoblins
  4 kobolds
  5 quokkas
  3 ball pythons
  6 bats
  7 frilled lizards
  8 rats
88 creatures vanquished.

Vanquished Creatures (collateral kills)
  A water moccasin (D:5)
  An orc wizard (D:5)
  2 gnolls (D:4)
  3 orcs (D:5)
  A ball python (D:2)
  A rat (D:3)
9 creatures vanquished.

Vanquished Creatures (others)
  Blork the orc (D:4)
  An orc priest (D:5)
  A gnoll (D:3)
  An adder (D:2)
  An orc (D:5)
  9 plants (D:1)
14 creatures vanquished.

Grand Total: 111 creatures vanquished

Notes
Turn   | Place    | Note
-------+----------+-------------------------------------------
     0 | D:1      | H0rd4k the Human Artificer began the quest for the Orb.
     0 | D:1      | Reached XP level 1. HP: 15/15 MP: 1/1
   263 | D:1      | Reached XP level 2. HP: 21/21 MP: 2/2
  1493 | D:1      | Reached XP level 3. HP: 24/26 MP: 3/3
  1661 | D:2      | Reached skill level 1 in Maces & Flails
  1885 | D:2      | Found a shimmering altar of Xom.
  2169 | D:2      | Found a faded altar of an unknown god.
  2410 | D:2      | Reached XP level 4. HP: 19/32 MP: 4/4
  2920 | D:2      | Noticed Robin
  3401 | D:3      | Found a sparkling altar of Nemelex Xobeh.
  3401 | D:3      | Found a hazy altar of Hepliaklqana.
  3614 | D:3      | Noticed Jessica
  3616 | D:3      | Killed Jessica
  3617 | D:3      | Reached XP level 5. HP: 38/38 MP: 5/5
  3802 | D:2      | Killed Robin
  5100 | D:3      | Noticed Sigmund
  5103 | D:3      | Killed Sigmund
  5104 | D:3      | Reached XP level 6. HP: 46/46 MP: 6/6
  5237 | D:3      | Noticed Ijyb
  5280 | D:4      | Noticed Blork the orc
  5297 | D:4      | Reached XP level 7. HP: 35/51 MP: 7/7
  5300 | D:4      | Your ally Blork the orc died
  5793 | D:5      | Entered Level 5 of the Dungeon
  5793 | D:5      | Noticed a water moccasin
  5817 | D:5      | Gained mutation: You are resistant to electric shocks.
                  | (rElec) [potion of mutation]
  5817 | D:5      | Gained mutation: Your body sometimes deteriorates upon
                  | taking damage. [potion of mutation]
  5817 | D:5      | Gained mutation: Your spells are a little harder to cast,
                  | but a little more powerful. [potion of mutation]
  5817 | D:5      | Gained mutation: You expend magic power (3 MP) to
                  | strengthen your wands. [potion of mutation]
  5973 | D:5      | Killed a water moccasin
  5982 | D:5      | Reached XP level 8. HP: 14/58 MP: 2/8
  6022 | D:5      | HP: 2/58 [white imp (2)]
  6031 | D:5      | Killed from afar by a white imp

Illustrated notes

Levels and vault maps discovered:
D:1:      dpeg_arrival_rooms_b, layout_basic, serial_forest,
          infiniplex_forest_clump_double, infiniplex_forest_end_3,
          infiniplex_forest_clump_tiny, infiniplex_forest_clump_curved,
          infiniplex_forest_lined_room_3, infiniplex_forest_clump_tiny,
          infiniplex_forest_corner_2, infiniplex_forest_clump_double,
          infiniplex_forest_clump_curved, infiniplex_forest_lined_2
D:2:      layout_basic, basic_altar, ebering_ecumenical_altar_box,
          corexii_leaking_fountain, amcnicky_mini_pool_small, uniq_robin
D:3:      layout_basic, jmf_multi_god_temple, serial_glass, glass_columns_a,
          glass_columns_b, uniq_ijyb, uniq_sigmund, uniq_jessica
D:4:      layout_rooms, minmay_crossroads, uniq_blork_the_orc
D:5:      layout_basic, nicolae_ossuary_entry_giza, nicolae_titane

Skill      XL: |  1  2  3  4  5  6  7 |
---------------+----------------------+-----
Maces & Flails | 1 2 3 4 |  4.9
Dodging        | 2 3 |  3.6
Fighting       | 2 3 |  3.3
Stealth        | 3 |  3.2
Evocations     | 4 |  4.1
Armour         | |  2.0

Action                   |  1- 3 |  4- 6 |  7- 9 || total
-------------------------+-------+-------+-------++-------
Melee: Club              |   177 |   206 |       ||   383
       Punch             |     2 |     2 |     3 ||     7
       Flail             |       |    13 |    92 ||   105
Evoke: Wand              |     7 |    23 |    11 ||    41
  Use: Potion            |       |       |     4 ||     4
 Stab: Sleeping          |     3 |     2 |       ||     5
       Paralysed         |       |       |     9 ||     9
Armor: Leather armour    |    45 |    61 |    14 ||   120
Dodge: Dodged            |   100 |   148 |    63 ||   311
